AoeStats
← Perro_Muchachev

Arabia

503437012Analyzed
1v1 RM · 1mo ago on Aug 31, 2026· 65m 26s· 2 players
Game mode
Random Map
Map size
Tiny (2 player)
Population
200
Speed
Normal
Resources
Standard
Victory
Conquest
Starting age
Dark Age
Ending age
Imperial Age
RankedLock teamsTeams togetherTeam positionsShared explorationLock speedFull tech treeHidden civsTurbo modeCheats
Victory
Defeat
🇪🇸 Mongols · Spain
1682
+17
🇧🇷 Ethiopians · Brazil
1702
-17
Perro_Muchachev
7:02 Loom
9:00 Feudal Age
9:19 Man-at-Arms
9:51 Double-Bit Axe
13:47 Fletching
15:28 Padded Archer Armor
21:51 Castle Age
20:46 Horse Collar
22:07 Gold Mining
22:31 Bodkin Arrow
22:23 Crossbowman
22:53 Elite Skirmisher
24:31 Leather Archer Armor
27:25 Ballistics
34:02 Wheelbarrow
33:12 Town Watch
38:14 Imperial Age
37:28 Gold Shaft Mining
36:45 Stone Mining
37:30 Bloodlines
37:20 Husbandry
38:55 Bracer
40:00 Chemistry
39:26 Parthian Tactics
39:12 Thumb Ring
42:28 Light Cavalry
43:16 Elite Mangudai
44:16 Scale Barding Armor
46:00 Conscription
47:01 Chain Barding Armor
48:15 Bow Saw
49:41 Hussar
50:35 Forging
50:32 Heavy Plow
51:42 Capped Ram
55:56 Drill
56:45 Siege Ram
Jahhed
6:46 Loom
9:54 Feudal Age
10:49 Double-Bit Axe
14:18 Fletching
17:01 Horse Collar
18:32 Wheelbarrow
23:07 Castle Age
21:44 Gold Mining
22:56 Scale Barding Armor
23:25 Crossbowman
24:59 Chain Barding Armor
26:53 Heavy Plow
30:36 Ballistics
31:52 Stone Mining
38:51 Imperial Age
37:03 Bodkin Arrow
38:24 Hand Cart
38:29 Town Watch
39:11 Padded Archer Armor
38:45 Elite Skirmisher
39:44 Bracer
40:34 Leather Archer Armor
43:44 Chemistry
42:35 Arbalester
44:02 Thumb Ring
45:44 Bow Saw
49:18 Gold Shaft Mining
49:49 Ring Archer Armor
56:31 Halberdier
57:03 Light Cavalry
Connection lost

Rejoining the realm…

Still unreachable

The connection could not be restored.

Session expired

The server has moved on; the page needs a fresh start.